 Dungeon Crawl Stone Soup version 0.29.1 (webtiles) character file.

Game seed: 13217451443733207631

275 qw the Shield-Bearer (level 6, 0/37 HPs)
             Began as a Gargoyle Fighter on Sept 13, 2022.
             Slain by a quasit (1 damage)
             ... summoned by Eustachio
             ... on level 4 of the Dungeon.
             The game lasted 00:01:09 (3312 turns).

qw the Shield-Bearer (Gargoyle Fighter)             Turns: 3312, Time: 00:01:09

Health: 0/37       AC:  0    Str: 21    XL:     6   Next: 24%
Magic:  6/6        EV: 17    Int:  9    God:
Gold:   214        SH:  0    Dex: 14    Spells: 5/5 levels left

rFire   . . .      SeeInvis .   (weapon currently unavailable)
rCold   . . .      Faith    .   (shield currently unavailable)
rNeg    + . .      Spirit   .   (body armour currently unavailable)
rPois   inf        Reflect  .   (helmet currently unavailable)
rElec   .          Harm     .   (cloak currently unavailable)
rCorr   .          Rampage  .   (gloves currently unavailable)
Will    .....                   (boots currently unavailable)
Stlth   +.........              (no amulet)
HPRegen 0.12/turn               (ring currently unavailable)
MPRegen 0.10/turn               (ring currently unavailable)

@: about to teleport, bat-form, flying, very quick
A: fast, flying, no casting, sickness immunity, AC +4, tiny, negative energy
resistance 1, (electricity resistance), torment resistance 1, petrification
resistance
a: no special abilities


You were on level 4 of the Dungeon.
You were a bat.
You visited 1 branch of the dungeon, and saw 4 of its levels.

You collected 214 gold pieces.


Innate Abilities, Weirdness & Mutations

You are a bat.
You are tiny and dextrous.
You move quickly.
You are flying.
Your equipment is almost entirely melded.
You are incapable of wielding weapons or throwing items.
You cannot cast spells.
You are immune to sickness and miasma.
((Your stone body is resilient. (AC +4)))
You are immune to poison.
You resist negative energy. (rN+)
((You are resistant to electric shocks. (rElec)))
You are resistant to unholy torment.
You are immune to petrification.


   Skills:
 - Level 3.2 Fighting
 - Level 4.6 Axes
 - Level 3.2 Armour
 + Level 0.0 Dodging
 - Level 5.3 Shields


You had 5 spell levels left.
You didn't know any spells.
Your spell library was empty.

Inventory:

Hand Weapons
 p - a +0 flail
 Y - a +0 war axe (melded)
Missiles
 j - 7 boomerangs (quivered)
Armour
 a - a +0 pair of boots (melded)
 b - a +0 scale mail (melded)
 m - a +0 kite shield (melded)
Potions
 c - a potion of haste {unknown}
 d - a potion of might
 e - a potion of resistance {unknown}
 f - a potion of heal wounds {unknown}
 g - a potion of mutation {unknown}
 h - a potion of curing
 l - a potion of lignification {unknown}
 o - a potion of cancellation {unknown}

Dungeon Overview and Level Annotations

Branches:
Dungeon (4/15)
 Temple: D:4-7

Altars:

Annotations:
D:4 Eustachio


Message History

Eustachio is severely wounded.
Eustachio says, "Summoning is fun!"
Eustachio mumbles some strange words.
The river rat completely misses you. The quasit closely misses you. x2
The quasit completely misses you.
You hit Eustachio but do no damage.
Eustachio is severely wounded.
The river rat disappears in a puff of smoke!
The quasit closely misses you. The quasit barely misses you.
The quasit completely misses you.
Eustachio yells, "Perjured traitor, DIE!"
Eustachio hits you with a +0 rapier!
You hit Eustachio but do no damage.
Eustachio is severely wounded.
The quasit barely misses you. The quasit claws you.
The quasit barely misses you.
Eustachio casts a spell.
Eustachio blinks!
You barely miss the quasit. The bat hits you. The quasit bites you.
The quasit claws you. The quasit closely misses you.
You closely miss the quasit.
The bat misses you. x2; The quasit bites you.
The quasit misses you. The quasit claws you.
3310 ||| READING scroll of teleportation.
As you read the scroll of teleportation, it crumbles to dust.
You feel strangely unstable. The bat hits you. The bat barely misses you.
The quasit bites you. The quasit barely misses you.
The quasit completely misses you.
You barely miss the quasit. The bat misses you. The quasit bites you.
The quasit closely misses you. The quasit misses you. The bat hits you.
The white imp shouts, "Back with thee, thou goatish elf-skinned harpy!"
The quasit misses you. The quasit closely misses you. The quasit misses you.
You closely miss the quasit. The bat barely misses you.
Eustachio screams, "At last I'll have my revenge!"
Eustachio mumbles some strange words.
The quasit bites you. The quasit claws you.
You die...

####...)......[#.
#....#.#.#..>....
########............(.#.
............#.#.#.##....
#########.........+...#.
............#.#.#.#
#########.........#
........##@##....>#
#b55b.#.....# ##bb..#
.... ##b..# . #...#
#..#.. ##.#.#.. #.#.# +
.# .#


You could see Eustachio, a quasit (summoned), a white imp (summoned) and 4 bats.

Vanquished Creatures
  A black bear (D:3)
  A hound (D:3)
  An iguana (D:4)
  Ijyb (D:4)
  4 adders
  A dart slug (D:3)
  3 orcs (D:3)
  5 endoplasms
  5 giant cockroaches
  2 hobgoblins
  3 jackals (D:2)
  7 kobolds
  5 quokkas
  6 ball pythons
  8 bats
  8 goblins
  8 rats
69 creatures vanquished.

Notes
Turn   | Place    | Note
-------+----------+-------------------------------------------
     0 | D:1      | qw the Gargoyle Fighter began the quest for the Orb.
     0 | D:1      | Reached XP level 1. HP: 14/14 MP: 1/1
     0 | D:1      | 0 ||| qw: Version: 0.1-a-119-g272c26d
     0 | D:1      | 0 ||| qw: Game counter: 11242
     0 | D:1      | 0 ||| qw: Always use a shield: true
     0 | D:1      | 0 ||| qw: God list: Okawaru
     0 | D:1      | 0 ||| qw: Allow faded altars: false
     0 | D:1      | 0 ||| qw: Do Orc after D:15 true
     0 | D:1      | 0 ||| qw: Do second Lair branch before Depths: true
     0 | D:1      | 0 ||| qw: Lair rune preference: random
     0 | D:1      | 0 ||| qw: Plans: Normal, Zot, God:TSO, Crypt, Tomb, Pan,
                  | Slime, Hells, Zig, Abyss, Orb
     0 | D:1      | 0 ||| PLANNING D:1-11
   156 | D:1      | Reached XP level 2. HP: 18/19 MP: 2/2
   337 | D:1      | 337 ||| Stepping ~*~*~tactically~*~*~ (stealth).
   338 | D:1      | 338 ||| Stepping ~*~*~tactically~*~*~ (stealth).
   339 | D:1      | 339 ||| Stepping ~*~*~tactically~*~*~ (stealth).
   343 | D:1      | 343 ||| Stepping ~*~*~tactically~*~*~ (stealth).
   344 | D:1      | 344 ||| Stepping ~*~*~tactically~*~*~ (stealth).
   439 | D:1      | 439 ||| Stepping ~*~*~tactically~*~*~ (stealth).
   656 | D:1      | 656 ||| DROPPING +0 club.
   711 | D:1      | Reached skill level 3 in Axes
   735 | D:1      | Reached XP level 3. HP: 22/23 MP: 3/3
   737 | D:1      | 737 ||| Stepping ~*~*~tactically~*~*~ (stealth).
   738 | D:1      | 738 ||| Stepping ~*~*~tactically~*~*~ (stealth).
   740 | D:1      | 740 ||| Stepping ~*~*~tactically~*~*~ (stealth).
   741 | D:1      | 741 ||| Stepping ~*~*~tactically~*~*~ (stealth).
   742 | D:1      | 742 ||| Stepping ~*~*~tactically~*~*~ (stealth).
   743 | D:1      | 743 ||| Stepping ~*~*~tactically~*~*~ (stealth).
   748 | D:1      | 748 ||| Stepping ~*~*~tactically~*~*~ (stealth).
   838 | D:1      | Found a faded altar of an unknown god.
   944 | D:1      | 944 ||| Stepping ~*~*~tactically~*~*~ (stealth).
  1100 | D:1      | 1100 ||| READING 2 scrolls labelled CEYSUOBUEL.
  1101 | D:1      | 1101 ||| READING scroll labelled DAUFAMOITH.
  1102 | D:1      | 1102 ||| DROPPING scroll of magic mapping.
  1385 | D:2      | 1385 ||| Stepping ~*~*~tactically~*~*~ (stealth).
  1546 | D:2      | Reached XP level 4. HP: 26/28 MP: 4/4
  1640 | D:2      | 1640 ||| UPGRADING to +0 pair of boots.
  1645 | D:2      | 1645 ||| UPGRADING to +0 kite shield.
  1655 | D:2      | 1655 ||| DROPPING +0 buckler.
  1656 | D:2      | 1656 ||| READING 3 scrolls labelled QAEBRA DACZITEP.
  1660 | D:2      | 1660 ||| READING scroll labelled FUGAV DAPLEG.
  1661 | D:2      | 1661 ||| DRINKING 2 coppery potions.
  1662 | D:2      | 1662 ||| DRINKING 2 puce potions.
  1663 | D:2      | 1663 ||| DROPPING potion of degeneration.
  1865 | D:3      | 1865 ||| Stepping ~*~*~tactically~*~*~ (stealth).
  1884 | D:3      | 1884 ||| FLEEEEING.
  1886 | D:3      | 1886 ||| FLEEEEING.
  2127 | D:3      | Reached skill level 4 in Shields
  2232 | D:3      | 2232 ||| Stepping ~*~*~tactically~*~*~ (stealth).
  2276 | D:3      | 2276 ||| DROPPING +0 whip.
  2302 | D:3      | 2302 ||| Stepping ~*~*~tactically~*~*~ (hiding).
  2571 | D:3      | 2571 ||| READING scroll labelled QEERPH MIPOXZA.
  2601 | D:4      | Noticed a black bear
  2604 | D:4      | 2604 ||| STAIRDANCE
  2609 | D:4      | 2609 ||| STAIRDANCE
  2619 | D:3      | Killed a black bear
  2620 | D:3      | Reached skill level 5 in Shields
  2620 | D:3      | Reached XP level 5. HP: 14/32 MP: 5/5
  2621 | D:3      | HP: 7/32 [hound (2)]
  2622 | D:3      | 2622 ||| READING 2 scrolls of teleportation.
  2625 | D:3      | Reached XP level 6. HP: 5/37 MP: 6/6
  3040 | D:4      | Noticed Ijyb
  3053 | D:4      | Killed Ijyb
  3289 | D:4      | Noticed Eustachio
  3293 | D:4      | 3293 ||| Stepping ~*~*~tactically~*~*~ (hiding).
  3309 | D:4      | HP: 8/37 [quasit[Eustachio] (2)]
  3310 | D:4      | 3310 ||| READING scroll of teleportation.
  3311 | D:4      | HP: 3/37 [quasit[Eustachio] (3)]
  3312 | D:4      | HP: 1/37 [quasit[Eustachio] (1)]
  3312 | D:4      | Slain by a quasit

Levels and vault maps discovered:
D:1:      shiori_angband_town, layout_basic, ebering_ecumenical_altar_hall
D:2:      layout_rooms
D:3:      layout_loops_ring
D:4:      layout_gridville, serial_co_window_serial, co_window_corner_a,
          co_window_of_opportunity_a, co_window_paths_a, co_window_paths_a,
          co_window_paths_b, co_window_cross_1, co_window_paths_b,
          co_window_unsneaky_path_d, co_window_of_opportunity_c,
          co_window_unsneaky_path_c, co_window_corner_cb,
          co_window_of_opportunity_c, co_window_paths_c, co_window_4corner_b,
          glass_columns_b, glass_columns_c, glass_columns_b, glass_columns_b,
          glass_columns_c, serial_shops, nicolae_square_shop, uniq_eustachio,
          uniq_robin, uniq_ijyb

Skill      XL: |  1  2  3  4 |
---------------+-------------+-----
Axes           | 2 3 4 |  4.6
Shields        | 5 |  5.3
Fighting       | |  3.2
Armour         | |  3.2

Action                   |  1- 3 |  4- 6 || total
-------------------------+-------+-------++-------
Melee: War axe           |   111 |   100 ||   211
       Unarmed           |       |     8 ||     8
Throw: Boomerang         |    28 |    25 ||    53
  Use: Scroll            |     2 |     5 ||     7
       Potion            |       |     2 ||     2
Armor: Scale mail        |    72 |    70 ||   142
Dodge: Dodged            |    58 |    60 ||   118
Block: Buckler           |    30 |       ||    30
       Kite shield       |       |    51 ||    51

Table legend:
 A = Non-vault XP
 B = Vault XP
 C = Vault XP percentage of total XP
 D = Non-vault monster count
 E = Vault monster count
 F = Vault count percentage of total count
                 A         B        C        D         E       F
            +---------+---------+-------+---------+---------+-------
      Total |     369 |      24 |   6.1 |      68 |       1 |   1.4
            +---------+---------+-------+---------+---------+-------
        D:1 |      43 |       0 |   0.0 |      28 |       0 |   0.0
        D:2 |      40 |       0 |   0.0 |      16 |       0 |   0.0
        D:3 |     249 |       0 |   0.0 |      23 |       0 |   0.0
        D:4 |      37 |      24 |  39.3 |       1 |       1 |  50.0
            +---------+---------+-------+---------+---------+-------
